Map: Inside and Out

Players

LiquidElazer (Elazer)

  • Race: Zerg Zerg
  • League: Master
  • Spawn Location: 7:00

MaxPax - Winner!

  • Race: Protoss Protoss
  • League: Grandmaster
  • Spawn Location: 1:00

VOD

Have the link to the VOD?

Description

Time

  • Played on: Oct. 19, 2022, 1 p.m.
  • Length: 9:41
Show
View Real Time Build Order
Export as new Build Order

LiquidElazer Zerg 

Build Orders: Hatch First 

Get SALT Encoding   

  12  0:00  Drone  
  13  0:12  Overlord  
  13  0:17  Drone  
  14  0:30  Drone x2  
  16  0:49  Hatchery  
  15  0:51  Drone  
  15  0:54  Drone  
  17  0:58  Drone  
  18  1:10  Extractor  
  17  1:14  Spawning Pool  
  17  1:18  Drone  
  17  1:21  Drone  
  18  1:28  Drone  
  19  1:39  Drone  
  20  1:54  Overlord  
  20  2:00  Queen x2  
  24  2:03  Zergling x2  
  24  2:07  Drone  
  26  2:12  Zergling x2  
  26  2:13  Drone  
  28  2:17  Metabolic Boost  
  28  2:21  Drone  
  29  2:24  Drone  
  30  2:41  Hatchery  
  30  2:44  Drone x2  
  31  2:50  Queen  
  33  2:55  Overlord  
  33  3:04  Drone  
  34  3:06  Queen  
  34  3:09  Overlord  
  36  3:16  Drone x3  
  36  3:17  Drone  
  40  3:21  Drone  
  40  3:24  Drone x2  
  40  3:25  Drone  
  44  3:31  Queen  
  46  3:39  Drone  
  47  3:42  Queen  
  47  3:43  Drone x3  
  52  3:49  Overlord  
  52  3:54  Overlord  
  52  4:01  Zergling x12  
  58  4:06  Overlord  
  58  4:10  Roach Warren  
  58  4:12  Drone  
  58  4:19  Overlord  
  58  4:20  Drone  
  58  4:21  Drone x3  
  62  4:27  Overlord  
  62  4:33  Zergling x10  
  67  4:40  Overlord  
  67  4:42  Zergling x4  
  69  4:48  Zergling x2  
  70  4:54  Zergling x10  
  75  5:00  Zergling x8  
  75  5:06  Overlord  
  78  5:12  Roach x2  
  81  5:27  Roach x8  
  94  5:29  Overlord  
  94  5:33  Zergling x6  
  97  5:41  Overlord  
  97  5:42  Overlord  
  97  5:43  Drone x4  
  97  5:46  Overlord  
  97  5:49  Spore Crawler  
  100  5:50  Drone  
  100  5:51  Spore Crawler  
  91  6:06  Zergling x12  
  90  6:14  Spore Crawler  
  87  6:22  Drone x8  
  87  6:23  Overlord  
  95  6:28  Lair, Queen x2  
  95  6:29  Overlord  
  100  6:36  Drone x5  
  100  6:39  Drone x2  
  107  6:45  Extractor x2  
  107  6:46  Overlord  
  105  6:50  Zergling x12  
  110  6:55  Zergling x2  
  110  6:56  Zergling x2  
  111  7:02  Zergling x10  
  111  7:07  Ravager  
  117  7:11  Overlord  
  117  7:14  Drone x2  
  108  7:17  Drone x2  
  108  7:18  Drone x2  
  108  7:20  Drone x3  
  115  7:25  Drone x2  
  117  7:31  Infestation Pit, Extractor  
  117  7:35  Drone x2  
  117  7:36  Drone x3  
  120  7:37  Hatchery  
  120  7:42  Drone x2  
  121  7:50  Drone x7  
  127  7:54  Drone  
  128  7:59  Drone x5, Extractor x2  
  128  8:03  Evolution Chamber  
  130  8:09  Hive  
  130  8:10  Overlord  
  130  8:14  Baneling Nest  
  130  8:15  Overlord  
  130  8:19  Glial Reconstitution  
  129  8:21  Roach x4  
  129  8:25  Hatchery  
  136  8:29  Ravager  
  136  8:30  Ravager  
  136  8:32  Zergling x12  
  136  8:33  Zergling x2  
  145  8:41  Ravager x2  
  143  8:50  Roach x5  
  139  8:56  Roach x3  
  139  9:00  Overlord  
  145  9:04  Zergling x10  
  147  9:12  Roach x5  
  147  9:16  Roach x2  
  156  9:20  Roach  
Show
View Real Time Build Order
Export as new Build Order

MaxPax Protoss - Winner!

Build Orders: 1 Gate Expand, Mass Adepts 

Get SALT Encoding   

  12  0:00  Probe  
  13  0:12  Probe  
  14  0:18  Pylon  
  14  0:24  Probe (Chrono Boost)  
  15  0:36  Probe (Chrono Boost)  
  15  0:39  Gateway  
  16  0:45  Probe (Chrono Boost)  
  16  0:48  Assimilator  
  17  0:50  Probe  
  18  1:03  Probe  
  19  1:15  Probe  
  20  1:26  Nexus  
  20  1:35  Cybernetics Core  
  20  1:38  Probe  
  21  1:43  Assimilator  
  21  1:50  Pylon  
  21  1:51  Probe  
  22  2:03  Probe (Chrono Boost)  
  22  2:08  Adept (Chrono Boost), Warp Gate (Chrono Boost)  
  23  2:15  Probe (Chrono Boost)  
  26  2:20  Probe (Chrono Boost)  
  27  2:31  Probe (Chrono Boost), Stalker  
  27  2:34  Gateway  
  30  2:38  Probe (Chrono Boost)  
  32  2:47  Probe (Chrono Boost)  
  32  2:48  Probe (Chrono Boost)  
  33  2:51  Gateway  
  33  2:53  Probe (Chrono Boost)  
  33  2:54  Probe  
  35  3:04  Adept  
  35  3:05  Probe  
  38  3:06  Probe  
  38  3:09  Twilight Council  
  39  3:14  Pylon  
  39  3:17  Probe  
  39  3:18  Probe  
  41  3:29  Probe  
  41  3:30  Probe  
  41  3:32  Robotics Facility  
  43  3:35  Pylon  
  43  3:41  Probe  
  44  3:43  Resonating Glaives (Chrono Boost), Probe  
  45  3:49  Adept x2  
  45  3:50  Adept  
  45  3:53  Assimilator  
  45  3:54  Probe  
  45  3:55  Probe  
  53  4:09  Probe  
  54  4:10  Adept x3  
  61  4:17  Assimilator  
  61  4:20  Warp Prism (Chrono Boost)  
  61  4:22  Pylon  
  62  4:25  Pylon  
  62  4:29  Robotics Bay  
  62  4:40  Adept x3, Probe x2  
  70  4:46  Pylon  
  70  4:50  Observer  
  71  5:02  Adept  
  71  5:06  Adept x2  
  77  5:08  Probe x2  
  79  5:19  Disruptor (Chrono Boost)  
  79  5:26  Adept x2  
  79  5:28  Adept  
  86  5:32  Pylon  
  86  5:33  Nexus  
  84  5:47  Disruptor (Chrono Boost)  
  84  5:50  Gravitic Drive, Probe x2  
  84  5:52  Pylon  
  89  6:02  Probe x2  
  87  6:06  Observer  
  87  6:09  Adept x2  
  75  6:14  Probe  
  75  6:15  Probe  
  77  6:20  Shield Battery  
  77  6:22  Pylon  
  77  6:24  Observer, Blink  
  77  6:26  Probe  
  77  6:27  Probe  
  77  6:28  Colossus (Chrono Boost), Forge  
  85  6:37  Sentry x2  
  85  6:39  Probe x2  
  91  6:40  Stalker  
  93  6:50  Probe  
  93  6:51  Probe  
  93  6:52  Extended Thermal Lance  
  95  7:00  Stalker x2  
  98  7:09  Observer  
  98  7:12  Protoss Ground Weapons Level 1 (Chrono Boost)  
  98  7:16  Observer  
  98  7:19  Observer, Probe x2, Gateway  
  98  7:21  Gateway x2, Assimilator x2, Probe  
  101  7:22  Gateway  
  101  7:24  Gateway  
  101  7:28  Colossus (Chrono Boost)  
  101  7:31  Probe  
  101  7:33  Probe  
  101  7:34  Probe  
  110  7:43  Probe  
  111  7:45  Probe  
  111  7:46  Probe  
  109  7:51  Shield Battery  
  109  7:52  Pylon  
  109  7:55  Probe  
  109  7:57  Stalker x3  
  116  8:03  Probe x2  
  118  8:12  Photon Cannon  
  118  8:17  Pylon  
  118  8:19  Stalker x5  
  127  8:21  Stalker  
  127  8:22  Stalker x2  
  127  8:26  Pylon  
  133  8:47  Stalker x8  
  145  9:01  Nexus  
  145  9:05  Pylon  
  145  9:11  Stalker x2  
  145  9:15  Pylon  
  149  9:23  Probe  
  150  9:25  Stalker x4  
Tags
 
Add a new tag
Caveats
  • Supply blocks, unpowered buildings, or Contaminate may cause inaccurate times.
  • Supply counts are checked every 10 seconds.